2523 views
Uploaded 2021-08-23 16:38:04
Game version 1.32.10
27:27 long 1on1 ladder game on (2)LastRefuge
Saved by aom
2523 views
Uploaded 2021-08-23 16:38:04
Game version 1.32.10
27:27 long 1on1 ladder game on (2)LastRefuge

37 units @ 8.2k
/ 1.7k
17 buildings @ 2.7k
/ 1.2k


| Orb of Corruption | 1 | 375 |
| Potion of Mana | 2 | 400 |
| total: | 3 | 775g |
| Acolyte | 5 | 375 | / | 0 |
| Ghoul | 2 | 240 | / | 0 |
| Crypt Fiend | 21 | 4515 | / | 840 |
| Obsidian Statue | 2 | 400 | / | 70 |
| Frost Wyrm | 6 | 2310 | / | 720 |
| Goblin Shredder | 1 | 375 | / | 100 |
| total: | 37 | 8215g | / | 1730w |
| Nerubian Tower | 4 | 400 | / | 80 |
| Spirit Tower | 2 | 290 | / | 80 |
| Crypt | 1 | 200 | / | 50 |
| Graveyard | 1 | 215 | / | 0 |
| Altar of Darkness | 1 | 180 | / | 50 |
| Ziggurat | 10 | 1500 | / | 500 |
| Tomb of Relics | 1 | 130 | / | 30 |
| Slaughterhouse | 1 | 140 | / | 135 |
| Boneyard | 2 | 350 | / | 400 |
| Halls of the Dead | 1 | 320 | / | 210 |
| Black Citadel | 1 | 325 | / | 230 |
| total: | 17 | 2715g | / | 1165w |
| 0:07 | Acolyte |
| 0:09 | Crypt |
| 0:14 | Graveyard |
| 0:23 | Acolyte |
| 0:44 | Altar of Darkness |
| 1:00 | Ziggurat |
| 1:11 | Ghoul |
| 1:30 | Ziggurat |
| 1:51 | Ghoul |
| 2:08 | Crypt Fiend |
| 2:15 | Nerubian Tower |
| 2:32 | Crypt Fiend |
| 2:48 | Death Coil |
| 2:59 | Crypt Fiend |
| 3:10 | Halls of the Dead |
| 3:28 | Crypt Fiend |
| 3:47 | Ziggurat |
| 4:04 | Crypt Fiend |
| 4:23 | Tomb of Relics |
| 4:28 | Unholy Aura |
| 4:41 | Crypt Fiend |
| 5:26 | Ziggurat |
| 6:03 | Crypt Fiend |
| 6:45 | Crypt Fiend |
| 6:47 | Death Coil |
| 7:04 | Frost Nova |
| 7:22 | Slaughterhouse |
| 8:55 | Crypt Fiend |
| 8:57 | Black Citadel |
| 9:15 | Crypt Fiend |
| 9:19 | Frost Armor |
| 9:42 | Crypt Fiend |
| 10:09 | Obsidian Statue |
| 10:09 | Obsidian Statue |
| 10:14 | Creature Attack |
| 10:38 | Crypt Fiend |
| 11:19 | Goblin Shredder |
| 11:26 | Boneyard |
| 11:31 | Frost Nova |
| 11:37 | Unholy Aura |
| 11:53 | Acolyte |
| 12:02 | Ziggurat |
| 12:04 | Spirit Tower |
| 12:35 | Web |
| 12:44 | Boneyard |
| 13:30 | Improved Creature Attack |
| 13:41 | Nerubian Tower |
| 13:44 | Freezing Breath |
| 13:50 | Frost Wyrm |
| 13:52 | Ziggurat |
| 14:20 | Crypt Fiend |
| 14:57 | Frost Wyrm |
| 16:12 | Frost Wyrm |
| 16:13 | Frost Wyrm |
| 16:23 | Acolyte |
| 16:57 | Frost Armor |
| 17:01 | Crypt Fiend |
| 17:24 | Death Coil |
| 17:43 | Ziggurat |
| 18:20 | Ziggurat |
| 18:21 | Ziggurat |
| 18:22 | Ziggurat |
| 18:35 | Nerubian Tower |
| 19:07 | Burrow |
| 19:10 | Acolyte |
| 19:18 | Spirit Tower |
| 20:13 | Crypt Fiend |
| 20:42 | Frost Wyrm |
| 21:11 | Crypt Fiend |
| 21:33 | Crypt Fiend |
| 22:18 | Frost Nova |
| 22:23 | Crypt Fiend |
| 22:37 | Crypt Fiend |
| 22:43 | Nerubian Tower |
| 23:12 | Advanced Creature Attack |
| 24:54 | Orb of Corruption |
| 25:23 | Potion of Mana |
| 25:27 | Potion of Mana |
| 25:33 | Animate Dead |
| 26:02 | Crypt Fiend |
| 26:07 | Frost Wyrm |
| 26:43 | Crypt Fiend |
| 27:10 | Death and Decay |
| Right click | 1050 |
| Select | 618 |
| Select group | 431 |
| Misc. action | 210 |
| Use ability | 87 |
| Build/train/purchase | 76 |
| Assign group | 12 |
| Chat | 8 |
| Item give/drop | 2 |
| Remove unit | 1 |
31 units @ 4.7k
/ 0.6k
22 buildings @ 3.8k
/ 1k


| Rod of Necromancy | 2 | 300 |
| Potion of Healing | 6 | 900 |
| Orb of Corruption | 1 | 375 |
| Scroll of Healing | 1 | 250 |
| Boots of Speed | 1 | 250 |
| Staff of Teleportation | 1 | 150 |
| total: | 12 | 2225g |
| Acolyte | 8 | 600 | / | 0 |
| Ghoul | 7 | 840 | / | 0 |
| Obsidian Statue | 4 | 800 | / | 140 |
| Abomination | 3 | 720 | / | 210 |
| Crypt Fiend | 4 | 860 | / | 160 |
| Gargoyle | 3 | 525 | / | 90 |
| Forest Troll Shadow Priest | 1 | 195 | / | 10 |
| Mud Golem | 1 | 145 | / | 10 |
| total: | 31 | 4685g | / | 620w |
| Nerubian Tower | 2 | 200 | / | 40 |
| Spirit Tower | 1 | 145 | / | 40 |
| Altar of Darkness | 1 | 180 | / | 50 |
| Ziggurat | 9 | 1350 | / | 450 |
| Crypt | 6 | 1200 | / | 300 |
| Tomb of Relics | 2 | 260 | / | 60 |
| Graveyard | 1 | 215 | / | 0 |
| Necropolis | 2 | 450 | / | 0 |
| Slaughterhouse | 1 | 140 | / | 135 |
| Halls of the Dead | 1 | 320 | / | 210 |
| Black Citadel | 1 | 325 | / | 230 |
| total: | 22 | 3795g | / | 995w |
| 0:04 | Acolyte |
| 0:06 | Altar of Darkness |
| 0:07 | Ziggurat |
| 0:21 | Acolyte |
| 0:32 | Crypt |
| 0:50 | Tomb of Relics |
| 1:12 | Ziggurat |
| 1:34 | Ghoul |
| 1:34 | Ghoul |
| 1:59 | Ziggurat |
| 2:01 | Ghoul |
| 2:05 | Sleep |
| 2:16 | Rod of Necromancy |
| 2:23 | Ghoul |
| 2:37 | Cannibalize |
| 3:02 | Halls of the Dead |
| 3:44 | Graveyard |
| 3:55 | Vampiric Aura |
| 4:41 | Ghoul |
| 5:27 | Boots of Speed |
| 5:27 | Staff of Teleportation |
| 5:33 | Black Citadel |
| 5:37 | Slaughterhouse |
| 6:06 | Nerubian Tower |
| 7:04 | Death Coil |
| 7:16 | Obsidian Statue |
| 8:00 | Spirit Tower |
| 8:18 | Abomination |
| 9:01 | Sleep |
| 9:23 | Ghoul Frenzy |
| 9:23 | Crypt Fiend |
| 9:25 | Abomination |
| 10:09 | Destroyer Form |
| 10:10 | Obsidian Statue |
| 10:18 | Acolyte |
| 10:29 | Unholy Strength |
| 10:33 | Unholy Armor |
| 10:35 | Ziggurat |
| 10:55 | Forest Troll Shadow Priest |
| 11:16 | Unholy Aura |
| 11:24 | Mud Golem |
| 11:28 | Unholy Aura |
| 11:50 | Crypt Fiend |
| 11:57 | Improved Unholy Strength |
| 11:59 | Abomination |
| 12:51 | Creature Attack |
| 13:17 | Web |
| 13:36 | Creature Carapace |
| 13:37 | Improved Unholy Armor |
| 14:47 | Necropolis |
| 15:08 | Advanced Unholy Strength |
| 15:39 | Ziggurat |
| 15:41 | Ziggurat |
| 15:42 | Tomb of Relics |
| 16:03 | Vampiric Aura |
| 16:06 | Death Coil |
| 16:12 | Crypt Fiend |
| 17:40 | Crypt Fiend |
| 17:44 | Obsidian Statue |
| 18:29 | Crypt |
| 18:30 | Crypt |
| 18:44 | Acolyte |
| 18:52 | Necropolis |
| 19:14 | Potion of Healing |
| 19:27 | Orb of Corruption |
| 19:28 | Potion of Healing |
| 19:28 | Rod of Necromancy |
| 20:25 | Ghoul |
| 20:55 | Unholy Aura |
| 21:01 | Ghoul |
| 22:05 | Potion of Healing |
| 22:06 | Potion of Healing |
| 22:42 | Acolyte |
| 22:42 | Acolyte |
| 22:44 | Acolyte |
| 23:08 | Scroll of Healing |
| 23:31 | Potion of Healing |
| 23:58 | Crypt |
| 23:59 | Crypt |
| 23:59 | Crypt |
| 24:02 | Ziggurat |
| 24:03 | Ziggurat |
| 24:04 | Ziggurat |
| 24:28 | Obsidian Statue |
| 24:32 | Acolyte |
| 24:40 | Gargoyle |
| 24:50 | Gargoyle |
| 25:03 | Nerubian Tower |
| 25:13 | Gargoyle |
| 25:23 | Potion of Healing |
| 26:49 | Sleep |
| Select group | 1218 |
| Right click | 1177 |
| Select | 749 |
| Misc. action | 166 |
| Build/train/purchase | 97 |
| Use ability | 65 |
| Chat | 46 |
| Assign group | 41 |
| Item give/drop | 10 |
| Remove unit | 6 |
| Minimap ping | 3 |
โ